 Dungeon Crawl Stone Soup version 0.30.1-11-g7821555f0a (webtiles) character file.

Game seed: 9251396677859904672

84 pkoi the Insei (level 4, -2/38 HPs)
             Began as a Draconian Monk on Nov 3, 2023.
             Killed by divine providence
             ... invoked by an orc priest
              (9 damage)
             ... on level 2 of the Dungeon.
             The game lasted 00:02:55 (1475 turns).

pkoi the Insei (Draconian Monk)                     Turns: 1475, Time: 00:02:55

Health: -2/38      AC:  7    Str: 10 (13) XL:     4   Next: 24%
Magic:  4/4        EV: 12    Int: 12 (13) God:
Gold:   14         SH:  0    Dex: 13      Spells: 3/3 levels left

rFire   . .          .
                       - Unarmed
rCold   . . .        b - orb {light}
rNeg    . . .        (body armour unavailable)
rPois   .            (helmet restricted)
rElec   .            f - +0 cloak
rCorr   .            j - +0 pair of gloves
SInv    .            (no boots)
Will    .....        (no amulet)
Stlth   +            (no ring)
HPRegen 0.26/turn    (no ring)
MPRegen 0.09/turn

%: no passive effects
@: glowing
A: AC +5, unfitting armour, cold-blooded
a: no special abilities


You were on level 2 of the Dungeon.
You visited 1 branch of the dungeon, and saw 3 of its levels.

You collected 14 gold pieces.

Inventory:

Hand Weapons
 g - a +0 dagger of pain
Armour
 b - an orb of light (worn)
 f - a +0 cloak (worn)
 j - a +0 pair of gloves (worn)
Jewellery
 d - an amulet of the acrobat
Scrolls
 c - a scroll of teleportation
 i - 2 scrolls of identify
Potions
 a - a potion of ambrosia
 e - a potion of cancellation {unknown}
 h - a potion of curing {unknown}
 k - a potion of might


   Skills:
 - Level 3.2 Fighting
 - Level 2.6 Dodging
 + Level 5.1 Unarmed Combat


You had 3 spell levels left.
You didn't know any spells.
Your spell library contained the following spells:

 Spells                   Type           Power      Damage    Failure   Level
 Static Discharge         Conj/Air       0%         2-2/arc   45%         2
 Airstrike                Air            0%         2d(0-16)  97%         4
 Summon Lightning Spire   Summ/Air       0%         N/A       97%         4


Dungeon Overview and Level Annotations

Branches:
Dungeon (3/15)

Altars:
Zin

Shops:
D:1 :   D:2 *

Annotations:
D:2 1 runed translucent door, Crazy Yiuf


Innate Abilities, Weirdness & Mutations

Your plain brown scales are hard. (AC +5)
You cannot fit into any form of body armour.
You are cold-blooded and may be slowed by cold attacks.


Message History

You barely miss the orc priest.
The orc priest is lightly wounded.
The orc priest hits you with a +2 vampiric dagger.
You hit the orc priest.
You tail-slap the orc priest, but do no damage.
The orc priest is moderately wounded.
The orc priest hits you with a +2 vampiric dagger.
The orc priest draws strength from your wounds!
You hit the orc priest.
The orc priest is moderately wounded.
The orc priest closely misses you.
You hit the orc priest but do no damage.
The orc priest is moderately wounded.
The orc priest misses you.
You hit the orc priest.
The orc priest is heavily wounded.
The orc priest hits you with a +2 vampiric dagger.
You barely miss the orc priest.
The orc priest is heavily wounded.
The orc priest hits you with a +2 vampiric dagger.
The orc priest draws strength from your wounds!
You hit the orc priest.
The orc priest is severely wounded.
The orc priest casts a cantrip, but nothing happens.
You hit the orc priest.
You tail-slap the orc priest, but do no damage.
The orc priest is severely wounded.
You hit the orc priest.
The orc priest is almost dead.
The orc priest calls down the wrath of Beogh upon you.
Beogh smites you!
* * * LOW HITPOINT WARNING * * *
You hit the orc priest but do no damage.
The orc priest is almost dead.
The orc priest closely misses you.
You hit the orc priest but do no damage.
The orc priest is almost dead.
The orc priest invokes the aid of Beogh against you.
Beogh smites you!
You die...

..♣..♣#...# ##.##........#..##.#.
.♣♣♣♣.+...# #..###'##.##†#.......
♣♣ ♣♣#..)# ##.# #.##.##....#...#
♣ **### #..###.#######..#...#
#....#.####.....#....
#......#..#.##.##...<
####....###..#.##.....#.
##########......o.....#.######.#.
...........#....@..............[.
##########..............######.#+
#.#.........#########...
#.##.#.#................
#...........#####.......
####........# #......# ##.##....#
##.._... #.##....# #.....#
#.....########.....#


You could see an orc priest.

Vanquished Creatures
  2 adders (D:2)
  A worm (D:3)
  5 dart slugs
  7 ball pythons
  3 endoplasms
  A giant cockroach (D:1)
  7 goblins (D:1)
  A hobgoblin (D:2)
  9 jackals
  2 quokkas (D:2)
  2 bats
  3 frilled lizards
  3 kobolds
  4 rats
50 creatures vanquished.

Notes
Turn   | Place    | Note
-------+----------+-------------------------------------------
     0 | D:1      | pkoi the Draconian Monk began the quest for the Orb.
     0 | D:1      | Reached XP level 1. HP: 19/19 MP: 1/1
    30 | D:1      | Reached XP level 2. HP: 25/26 MP: 2/2
   107 | D:1      | Found Tusoav's Vocational Training.
   266 | D:1      | Found a faded altar of an unknown god.
   334 | D:1      | Reached skill level 4 in Unarmed Combat
   373 | D:1      | Reached XP level 3. HP: 27/31 MP: 3/3
   639 | D:2      | Found Zeok Lab's Assorted Antiques.
  1057 | D:2      | Found a glowing silver altar of Zin.
  1063 | D:2      | Reached XP level 4. HP: 38/38 MP: 4/4
  1102 | D:2      | Reached skill level 5 in Unarmed Combat
  1206 | D:2      | Found a runed translucent door.
  1207 | D:2      | Noticed Crazy Yiuf
  1475 | D:2      | Killed from afar by an orc priest

Illustrated notes

Levels and vault maps discovered:
D:1:      minmay_arrival_five_plusses, layout_basic, basic_ecumenical_altar,
          nicolae_shop_vocational
D:2:      layout_basic, serial_shops, shop, basic_altar, uniq_crazy_yiuf_cottage
D:3:      layout_basic, xom_redecorated, mainiacjoe_overflow_boulevard

Skill      XL: |  1  2  3  4 |
---------------+-------------+-----
Unarmed Combat | 4 5 |  5.1
Fighting       | |  3.2
Dodging        | |  2.6

Action                     |  1- 3 |  4- 6 || total
---------------------------+-------+-------++-------
  Melee: Unarmed           |   133 |    34 ||   167
         Tailslap          |    20 |     6 ||    26
    Use: Scroll            |     3 |     1 ||     4
         Potion            |     3 |       ||     3
 Armour: Skin              |    42 |     3 ||    45
  Dodge: Dodged            |    76 |    16 ||    92
